 Dungeon Crawl Stone Soup version 0.24-a0-769-g368c164 (webtiles) character file.

Game seed: 15781592774890831405, levelgen mode: deterministic

6 2tousent the Ruffian (level 1, 0/16 HPs)
             Began as a Draconian Transmuter on Oct 4, 2019.
             Slain by a gnoll
             ... wielding a +0 flail of draining
              (1 damage)
             ... on level 1 of the Dungeon.
             The game lasted 00:00:29 (94 turns).

2tousent the Ruffian (Draconian Transmuter)           Turns: 94, Time: 00:00:31

Health: 0/16       AC:  4    Str: 12    XL:     1   Next: 75%
Magic:  0/3        EV: 11    Int: 13    God:
Gold:   0          SH:  0    Dex: 11    Spells: 3/4 levels left

rFire    . . .     SeeInvis .     - Unarmed
rCold    . . .     Gourm    .   (no shield)
rNeg     . . .     Faith    .   (armour unavailable)
rPois    .         Spirit   +   (helmet restricted)
rElec    .         Reflect  .   f - scarf {Spirit}
rCorr    .         Harm     .   (no gloves)
MR       .....                  (no boots)
Stlth    +.........             (no amulet)
HPRegen  0.05/turn              (no ring)
MPRegen  0.08/turn              (no ring)

@: appendage, drained
A: unfitting armour, horns 2, cold-blooded, AC +4
a: End Transformation


You were on level 1 of the Dungeon.
You were not hungry.
You had grown temporary horns.
You visited 1 branch of the dungeon, and saw 1 of its levels.

Inventory:

Missiles
 a - 12 arrows
Armour
 f - a scarf of spirit shield (worn)
Scrolls
 d - a scroll of fear {unknown}
Potions
 e - a potion of curing {unknown}
Comestibles
 b - 3 chunks of flesh
 c - a ration


   Skills:
 - Level 1.1(0.1) Fighting
 - Level 1.7(0.7) Dodging
 * Level 3.1(2.1) Unarmed Combat
 + Level 2.1(1.1) Spellcasting
 * Level 2.2(1.2) Transmutations


You had 3 spell levels left.
You knew the following spells:

 Your Spells              Type           Power        Failure   Level  Hunger
a - Beastly Appendage     Tmut           #.....       17%         1    ##.....

Your spell library contained the following spells:

 Spells                   Type           Power        Failure   Level  Hunger
 Sticks to Snakes         Tmut           #.......     26%         2    ###....
 Spider Form              Tmut/Pois      #.........   54%         3    ####...
 Ice Form                 Ice/Tmut       #.......     91%         4    #####..
 Blade Hands              Tmut           #.........   99%         5    ######.


Dungeon Overview and Level Annotations

Branches:
Dungeon (1/15)

Altars:


Innate Abilities, Weirdness & Mutations

Your plain brown scales are hard. (AC +4)
You cannot fit into any form of body armour.
You are cold-blooded and may be slowed by cold attacks.
You have a pair of horns on your head.


Message History

The kobold hits you but does no damage.
You hit the gnoll.
The gnoll is moderately wounded.
The gnoll hits you with a +0 flail of draining.
You feel drained. The kobold hits you.
You barely miss the gnoll. You headbutt the gnoll.
The gnoll is severely wounded.
The gnoll hits you with a +0 flail of draining.
You feel drained.
You barely miss the gnoll.
You headbutt the gnoll, but do no damage.
The gnoll is severely wounded.
The gnoll closely misses you. The kobold hits you.
You hit the gnoll but do no damage.
You tail-slap the gnoll, but do no damage.
The gnoll is severely wounded.
The gnoll hits you with a +0 flail of draining.
* * * LOW HITPOINT WARNING * * *
You feel drained.
You die...

# ####.######.######
...................
#####.#.#...(........#.
#.#.#.#.#.#.#.#.##.#.#.
..>...............#.#.
#.#.#.#.#.#.#.#.####.#.
........)......## #.#.
.#.#.#.#.#.#.#.## #.#.
.......@K.......#####.#.
.#.#.#g#.#.#.#.#.)....#.
............#######.
#.#.#.#.#.#.#........
..............########
#.# #.#.#.#.#.#. #..
........### #( ###.... .
#..#


You could see a gnoll and a kobold.

Vanquished Creatures
  3 goblins (D:1)
  A hobgoblin (D:1)
  A kobold (D:1)
  A rat (D:1)
6 creatures vanquished.

Notes
Turn   | Place    | Note
-------+----------+-------------------------------------------
     0 | D:1      | 2tousent the Draconian Transmuter began the quest for the
                  | Orb.
     0 | D:1      | Reached XP level 1. HP: 16/16 MP: 3/3
    94 | D:1      | Slain by a gnoll

Levels and vault maps discovered:
D:1:      elethiomel_arrival_infinity_welcomes_careful_drivers, layout_basic,
          st_stairs_11

Action                   || total
-------------------------++-------
Melee: Unarmed           ||    19
       Headbutt          ||     2
       Tailslap          ||     2
       Punch             ||     1
 Cast: Beastly Appendage ||     2
Armor: Skin              ||     3
Dodge: Dodged            ||     6

Table legend:
 A = Non-vault XP
 B = Vault XP
 C = Vault XP percentage of total XP
 D = Non-vault monster count
 E = Vault monster count
 F = Vault count percentage of total count
                 A         B        C        D         E       F
            +---------+---------+-------+---------+---------+-------
      Total |       4 |       5 |  55.6 |       3 |       3 |  50.0
            +---------+---------+-------+---------+---------+-------
        D:1 |       4 |       5 |  55.6 |       3 |       3 |  50.0
            +---------+---------+-------+---------+---------+-------
